 Dungeon Crawl Stone Soup version 0.27-a0-1391-g48c30b3128 (webtiles) character file.

Game seed: 2506424639069781943

3076 Nattfarinn the Grappler (level 9, -1/62 HPs)
             Began as an Octopode Transmuter on July 1, 2021.
             Slain by a killer bee (5 damage)
             ... on level 7 of the Dungeon.
             The game lasted 00:26:57 (13043 turns).

Nattfarinn the Grappler (Octopode Transmuter)      Turns: 13043, Time: 00:26:57

Health: -1/62      AC:  1    Str: 13    XL:     9   Next: 88%
Magic:  12/12      EV: 16    Int: 21    God:
Gold:   424        SH:  0    Dex: 12    Spells: 6/12 levels left

rFire    + + .     SeeInvis .     - Unarmed
rCold    . . .     Faith    .   (no shield)
rNeg     . . .     Spirit   .   (helmet restricted)
rPois    .         Reflect  .   a - amulet of the acrobat
rElec    .         Harm     .   d - ring of protection from fire
rCorr    +         Rampage  .   c - ring of willpower
Will     +....                  i - ring of resist corrosion
Stlth    +++.......             r - +6 ring of intelligence
HPRegen  0.20/turn              x - ring of wizardry
MPRegen  0.13/turn              C - ring of protection from fire
                                (no ring)
                                (no ring)

@: lethally poisoned (-1 -> -8), about to teleport
A: almost no armour, amphibious, 8 rings, camouflage 1, gelatinous body 1,
nimble swimmer 1, tentacles
a: no special abilities


You were on level 7 of the Dungeon.
You visited 2 branches of the dungeon, and saw 8 of its levels.
You also visited: Sewer.

You collected 424 gold pieces.

Inventory:

Jewellery
 a - an amulet of the acrobat (around mantle)
 b - a ring of ice
 c - a ring of willpower (right tentacle)
 d - a ring of protection from fire (left tentacle)
 i - a ring of resist corrosion (on tentacle)
 k - an amulet of regeneration
 r - a +6 ring of intelligence (on tentacle)
 x - a ring of wizardry (on tentacle)
 B - an amulet of magic regeneration
 C - a ring of protection from fire (on tentacle)
Wands
 p - a wand of acid (4)
 A - a wand of iceblast (10)
Scrolls
 h - 2 scrolls of brand weapon
 n - a scroll of enchant armour {unknown}
 o - a scroll of magic mapping {unknown}
 s - a scroll of summoning {unknown}
 t - 3 scrolls of silence {unknown}
 u - a scroll of enchant weapon {unknown}
 v - 3 scrolls of teleportation
 w - a scroll of amnesia
 y - a scroll of vulnerability {unknown}
 z - a scroll of identify
Potions
 e - 4 potions of mutation {unknown}
 f - 3 potions of attraction
 g - a potion of might {unknown}
 j - 2 potions of haste
 l - a potion of heal wounds {unknown}
 m - a potion of invisibility {unknown}
 q - a potion of brilliance {unknown}


   Skills:
 + Level 5.8 Fighting
 * Level 8.6 Dodging
 * Level 8.8 Unarmed Combat
 - Level 2.0 Spellcasting
 - Level 2.6 Transmutations
 - Level 2.9 Poison Magic


You had 6 spell levels left.
You knew the following spells:

 Your Spells              Type           Power      Damage    Failure   Level
a - Stone Arrow           Conj/Erth      4%         3d7       17%         3
b - Spider Form           Tmut/Pois      6%         N/A       6%          3

Your spell library contained the following spells:

 Spells                   Type           Power      Damage    Failure   Level
 Beastly Appendage        Tmut           26%        N/A       1%          1
 Wereblood                Tmut           13%        N/A       3%          2
 Passwall                 Tmut/Erth      5%         N/A       5%          2
 Corona                   Hex            2%         N/A       6%          1
 Magic Dart               Conj           8%         1d3       6%          1
 Sandblast                Erth           4%         2d4       6%          1
 Blink                    Tloc           N/A        N/A       9%          2
 Call Imp                 Summ           2%         N/A       9%          2
 Ensorcelled Hibernation  Hex/Ice        4%         N/A       9%          2
 Slow                     Hex            2%         N/A       9%          2
 Mephitic Cloud           Conj/Pois/Air  6%         N/A       12%         3
 Confusing Touch          Hex            2%         N/A       17%         3
 Conjure Flame            Conj/Fire      2%         6-21      17%         3
 Dazzling Flash           Conj/Hex       4%         N/A       17%         3
 Inner Flame              Hex/Fire       2%         N/A       17%         3
 Portal Projectile        Hex/Tloc       4%         N/A       17%         3
 Tukima's Dance           Hex            2%         N/A       17%         3
 Ice Form                 Ice/Tmut       7%         N/A       32%         4
 Petrify                  Tmut/Erth      7%         N/A       32%         4
 Cause Fear               Hex            1%         N/A       47%         4
 Leda's Liquefaction      Hex/Erth       1%         N/A       47%         4
 Lee's Rapid Deconstruct  Erth           1%         3d5*      82%         5


Dungeon Overview and Level Annotations

Branches:
Dungeon (7/15)             Temple (1/1) D:7           Sewer (visited)

Altars:
Ashenzari
Cheibriados
Dithmenos
Elyvilon
Hepliaklqana
Kikubaaqudgha
Nemelex Xobeh
Okawaru
Qazlal
Ru
Sif Muna
Trog
Uskayaw
Xom
Yredelemnul
Zin
The Shining One

Shops:
D:3 *   D:7 [[=

Annotations:
D:3 1 runed translucent door, Crazy Yiuf


Innate Abilities, Weirdness & Mutations

You cannot wear most types of armour.
You are amphibious.
You can wear up to eight rings at the same time.
Your skin changes colour to match your surroundings (Stealth+).
Your rubbery body absorbs attacks. (AC +1, EV +1)
You are camouflaged near water. (Stealth+)
You have tentacles for arms and can constrict up to eight enemies at once.


Message History

The wyvern skeleton is almost destroyed.
The wyvern skeleton closely misses you.
You completely miss the wyvern skeleton.
You squeeze the wyvern skeleton.
You destroy the wyvern skeleton!
A killer bee comes into view.
A killer bee is nearby!
The killer bee buzzes angrily.
You hear an angry buzzing noise.
The killer bee stings you.
You are poisoned.
The killer bee poisons you! The killer bee closely misses you.
Found 8 gold pieces.
You barely miss the killer bee.
The killer bee buzzes angrily.
Your grab misses the killer bee. Your squeeze misses the killer bee.
You feel sick. The killer bee stings you. x2
You barely miss the killer bee.
The killer bee buzzes angrily.
Your grab misses the killer bee.
You feel sick. The killer bee barely misses you. The killer bee stings you.
The killer bee misses you.
You tentacle-slap the killer bee. Your grab misses the killer bee.
The killer bee is lightly wounded.
You feel sick. The killer bee closely misses you. The killer bee stings you!
The killer bee stings you.
You are more poisoned.
The killer bee poisons you!
You feel better. The killer bee stings you.
You are poisoned.
The killer bee poisons you! The killer bee closely misses you.
The killer bee stings you! The killer bee stings you.
As you read the scroll of teleportation, it crumbles to dust.
You feel strangely unstable.
You feel very sick. The killer bee stings you.
* * * LOW HITPOINT WARNING * * *
The killer bee barely misses you. The killer bee stings you!
* * * LOW HITPOINT WARNING * * *
The killer bee stings you.
You die...

##...!..............
###........≈≈≈≈≈.......
.........≈≈≈≈≈≈≈≈≈....#
.......≈≈≈≈≈≈≈≈≈≈≈≈≈..#
......≈≈≈≈≈≈≈≈≈≈≈≈≈≈≈.##
#.....≈≈≈≈≈≈...≈≈≈≈≈≈..#
#.#...≈≈≈≈≈≈.>.≈≈≈≈≈≈...
......≈≈≈≈≈≈...yyy≈≈≈...
.......≈≈≈≈≈≈≈≈≈@y≈≈...$
.........≈≈≈≈≈≈≈≈≈....##
...........≈≈≈≈≈......#
..............?.......#
.........#...####.##....
.........!.....#..# ....
......#..............###
.....#####..#.#..#...#
.....#####..####.##..#


You could see 4 killer bees.

Vanquished Creatures
  Pikel (D:5)
  Grinder (D:4)
  Sigmund (D:5)
  Menkaure (D:4)
  Edmund (D:4)
  Duvessa (D:4)
  A water moccasin (D:5)
  An ice beast (D:7)
  4 ogres
  2 necrophages
  3 lemures
  A phantom (D:5)
  3 bullfrogs
  Dowan (D:4)
  A wyvern skeleton (D:7)
  A killer bee (D:6)
  4 wights (D:6)
  An electric eel (D:6)
  A howler monkey (D:6)
  2 orc priests
  A jelly (D:5)
  2 iguanas
  5 orc wizards
  A howler monkey zombie (D:7)
  11 adders
  A shadow imp (D:6)
  A white imp (D:5)
  An ufetubus (D:5)
  An adder skeleton (D:4)
  3 worms
  12 orcs
  19 ball pythons
  16 endoplasms
  12 giant cockroaches
  7 goblins
  4 hobgoblins
  9 jackals
  14 quokkas
  6 bats
  11 frilled lizards
  10 kobolds
  8 rats
187 creatures vanquished.

Notes
Turn   | Place    | Note
-------+----------+-------------------------------------------
     0 | D:1      | Nattfarinn the Octopode Transmuter began the quest for the
                  | Orb.
     0 | D:1      | Reached XP level 1. HP: 13/13 MP: 3/3
    77 | D:1      | Reached skill level 1 in Poison Magic
    83 | D:1      | Reached XP level 2. HP: 7/18 MP: 5/5
  1330 | D:2      | Reached XP level 3. HP: 22/23 MP: 6/6
  1459 | D:2      | Learned a level 3 spell: Spider Form
  1623 | D:2      | Found a faded altar of an unknown god.
  2124 | D:2      | Found a hazy altar of Hepliaklqana.
  2493 | D:3      | Reached XP level 4. HP: 26/28 MP: 3/7
  2525 | D:3      | Reached XP level 5. HP: 11/33 MP: 3/8
  3595 | D:3      | Found a runed translucent door.
  3596 | D:3      | Noticed Crazy Yiuf
  3615 | D:3      | Found a glowing golden altar of the Shining One.
  3615 | D:3      | Found a white marble altar of Elyvilon.
  3711 | D:3      | Found Zaptotaegu's Assorted Antiques.
  3821 | D:4      | Found a shadowy altar of Dithmenos.
  3821 | D:4      | Noticed Menkaure
  3952 | D:4      | Identified a scroll of acquirement
  3952 | D:4      | Acquired a ring of willpower
  4304 | D:4      | Found a glowing drain.
  4314 | Sewer    | Entered a sewer
  4470 | Sewer    | Reached XP level 6. HP: 35/39 MP: 9/9
  5848 | Sewer    | Reached skill level 5 in Unarmed Combat
  5848 | Sewer    | Reached XP level 7. HP: 35/45 MP: 7/10
  5961 | D:4      | Noticed Dowan
  5964 | D:4      | Noticed Duvessa
  5965 | D:4      | Noticed Edmund
  5977 | D:4      | Killed Duvessa
  6112 | D:4      | Noticed Grinder
  6123 | D:4      | Killed Grinder
  6124 | D:4      | Reached skill level 5 in Dodging
  6326 | D:4      | Killed Dowan
  6639 | D:4      | Killed Edmund
  6640 | D:4      | Reached XP level 8. HP: 54/54 MP: 5/11
  6824 | D:4      | Found a shimmering blue altar of Sif Muna.
  6872 | D:4      | Found a broken altar of Ashenzari.
  7227 | D:4      | Killed Menkaure
  7442 | D:5      | Entered Level 5 of the Dungeon
  7442 | D:5      | Noticed Pikel
  7442 | D:5      | Noticed Sigmund
  7584 | D:4      | Learned a level 3 spell: Stone Arrow
  7814 | D:5      | Killed Sigmund
  7815 | D:5      | Reached XP level 9. HP: 57/59 MP: 9/12
  7851 | D:5      | Found a sacrificial altar of Ru.
  7862 | D:5      | Found an iron altar of Okawaru.
  7927 | D:5      | HP: 1/60 [wyvern zombie (13)]
  8170 | D:5      | HP: 1/60 [wyvern zombie (15)]
  9132 | D:5      | Killed Pikel
  9133 | D:5      | Reached skill level 5 in Fighting
 11502 | D:6      | Found a snail-covered altar of Cheibriados.
 12219 | D:7      | Found Erikkuy's Jewellery Emporium.
 12310 | D:7      | Found Bonon's Antique Armour Boutique.
 12313 | D:7      | Found Ziss's Antique Armour Shoppe.
 12527 | D:7      | Found a staircase to the Ecumenical Temple.
 12536 | Temple   | Entered the Ecumenical Temple
 13043 | D:7      | Slain by a killer bee

Illustrated notes

Levels and vault maps discovered:
D:1:      dpeg_arrival_oval, layout_basic, st_stairs_3, minivault_19
D:2:      layout_loops_ring, shapermc_ecumenical_altar_notcrosses, basic_altar
D:3:      layout_basic, gammafunk_temple_overflow_statue, serial_shops,
          nicolae_lakefront_shop, uniq_crazy_yiuf_cottage
D:4:      layout_loops_corners, nicolae_ashenzari_panopticon,
          nicolae_sif_muna_condensation, grunt_dithmenos_smoke_and_mirrors,
          cheibrodos_sewer_entry_sluice, kennysheep_generic_room_12,
          uniq_duvessa, uniq_edmund, uniq_grinder, uniq_menkaure
D:5:      layout_rooms, kennysheep_mini, kennysheep_little_box, st_stairs_8,
          grunt_ministairs_3, supply_closet_lemuel, uniq_pikel, uniq_sigmund
D:6:      layout_basic, lemuel_crystal_altar, water_maze_lemuel
D:7:      layout_cave_pools, nicolae_wu_jian_glorious_leap, temple_pool_b,
          serial_shops, shop, nicolae_shop_overgrown_old_shop,
          nicolae_shop_trees, serial_park_tiny_1
Temple:   jpeg_temple_island

Skill      XL: |  1  2  3  4  5  6  7  8  9 |
---------------+----------------------------+-----
Poison Magic   | 1 2 |  2.9
Dodging        | 3 4 5 7 8 |  8.6
Unarmed Combat | 4 5 6 7 8 |  8.8
Fighting       | 2 3 4 5 |  5.8
Spellcasting   | |  2.0
Transmutations | |  2.6

Action                   |  1- 3 |  4- 6 |  7- 9 || total
-------------------------+-------+-------+-------++-------
Melee: Unarmed           |   117 |   214 |   190 ||   521
       Constrict         |    27 |    39 |    19 ||    85
       Tentacles         |    15 |    34 |    16 ||    65
       Punch             |     2 |     3 |     3 ||     8
       Spear             |       |       |    25 ||    25
 Cast: Spider Form       |     1 |    10 |    21 ||    32
       Stone Arrow       |       |       |     2 ||     2
Evoke: Wand              |       |       |    10 ||    10
  Use: Potion            |       |     4 |     2 ||     6
       Scroll            |       |     5 |     6 ||    11
 Stab: Sleeping          |     8 |     6 |     3 ||    17
Armor: Skin              |     6 |     6 |     4 ||    16
Dodge: Dodged            |    62 |   153 |   163 ||   378

Table legend: (Time is in decaauts)
 A = Elapsed time spent in this place.
 B = Non-inter-level travel time spent in this place.
 C = Inter-level travel time spent in this place.
 D = Time resting spent in this place.
 E = Time spent auto-exploring this place.
 F = Levels seen in this place.
 G = Mean time per level.
                   A        B        C        D        E       F      G
               +--------+--------+--------+--------+--------+-----+--------+
         Total |  13014 |  12152 |    862 |   4257 |   6403 |   9 | 1446.0 |
       Dungeon |  10924 |  10079 |    845 |   3773 |   5088 |   7 | 1560.6 |
        Temple |    474 |    457 |     17 |      0 |    457 |   1 |  474.0 |
         Sewer |   1615 |   1615 |      0 |    484 |    858 |   1 | 1615.0 |
               +--------+--------+--------+--------+--------+-----+--------+

Top non-repeatable levels by time:
     D:4: 2698 daAuts
     D:6: 2079 daAuts
     D:5: 1671 daAuts
   Sewer: 1615 daAuts
     D:3: 1437 daAuts
     D:2: 1352 daAuts
     D:1: 1323 daAuts
  Temple: 474 daAuts
     D:7: 360 daAuts
